 Dungeon Crawl Stone Soup version 0.29.1-2-gbd0b4ee654 (webtiles) character file.

Game seed: 17490462926150285155

157 croobank the Caller (level 5, 0/55 HPs)
             Began as a Demonspawn Summoner on Nov 11, 2022.
             Slain by Pikel
             ... wielding a +0 whip of electrocution
              (3 damage)
             ... on level 4 of the Dungeon.
             The game lasted 00:20:56 (3274 turns).

croobank the Caller (Demonspawn Summoner)           Turns: 3274, Time: 00:20:56

Health: 0/55       AC:  3    Str:  8    XL:     5   Next: 15%
Magic:  0/6        EV: 12    Int: 24    God:
Gold:   133        SH:  0    Dex: 14    Spells: 1/9 levels left

rFire   + + +      SeeInvis +   t - +4 whip of Siawka {antimagic, rC+ SInv Stlth-}
rCold   + . .      Faith    .   (no shield)
rNeg    . . .      Spirit   +   a - +0 robe
rPois   .          Reflect  .   d - +0 helmet
rElec   .          Harm     .   (no cloak)
rCorr   .          Rampage  .   (no gloves)
Will    .....                   (no boots)
Stlth   ..........              (no amulet)
HPRegen 0.18/turn               y - +6 ring of intelligence
MPRegen 0.20/turn               f - ring of Fun {*Slow rF+++ MP+9 Slay+6 SInv}

@: berserking (expiring), very quick
A: magic shield, magic regeneration
a: no special abilities


You were on level 4 of the Dungeon.
You visited 1 branch of the dungeon, and saw 4 of its levels.

You collected 133 gold pieces.

Inventory:

Hand Weapons
 b - a +0 dagger
 k - a +1 dagger of draining
 t - the +4 whip of Siawka (weapon) {antimagic, rC+ SInv Stlth-}
   (You found it on level 3 of the Dungeon)

   It reduces the magical energy of the wielder, and disrupts the spells and
   magical abilities of those it strikes.
   Natural abilities and divine invocations are not affected.
   rC:        It protects you from cold.
   SInv:      It lets you see invisible.
   Stlth:     It makes you less stealthy.
 v - a +1 falchion of electrocution
 w - a +0 flail
 x - a +2 dagger of distortion
Missiles
 o - 3 boomerangs
 p - 3 javelins
Armour
 a - a +0 robe (worn)
 d - a +0 helmet (worn)
 B - a +0 ring mail
Magical Staves
 h - a staff of cold
Jewellery
 f - the ring of Fun (right hand) {*Slow rF+++ MP+9 Slay+6 SInv}
   (You acquired it on level 4 of the Dungeon)

   [ring of magical power]

   Slay:      It affects your accuracy & damage with ranged weapons and melee
   (+6).
   rF:        It renders you almost immune to fire.
   MP:        It affects your magic capacity (+9).
   SInv:      It lets you see invisible.
   *Slow:     It may slow you when you take damage.
 q - a ring of see invisible
 y - a +6 ring of intelligence (left hand)
Wands
 j - a wand of polymorph (10)
Scrolls
 g - a scroll of fear {unknown}
 l - a scroll of blinking {unknown}
 m - a scroll of teleportation {unknown}
 A - a scroll of vulnerability {unknown}
Potions
 c - a potion of might
 e - a potion of haste
 i - a potion of flight
 n - a potion of cancellation
 r - 2 potions of curing
 s - a potion of berserk rage
 u - 2 potions of mutation {unknown}
 z - a potion of ambrosia {unknown}


   Skills:
 + Level 1.1 Fighting
 + Level 2.7 Dodging
 + Level 2.9 Stealth
 + Level 2.7 Spellcasting
 + Level 4.5 Summonings
 + Level 1.1 Ice Magic


You had one spell level left.
You knew the following spells:

 Your Spells              Type           Power      Damage    Failure   Level
a - Summon Small Mammal   Summ           100%       N/A       1%          1
b - Call Imp              Summ           25%        N/A       2%          2
c - Call Canine Familiar  Summ           25%        N/A       4%          3
d - Blink                 Tloc           6%         N/A       17%         2

Your spell library contained the following spells:

 Spells                   Type           Power      Damage    Failure   Level
 Summon Guardian Golem    Hex/Summ       14%        N/A       13%         3
 Frozen Ramparts          Ice            16%        1d3       22%         3
 Summon Ice Beast         Ice/Summ       16%        N/A       34%         4
 Summon Lightning Spire   Summ/Air       14%        N/A       41%         4
 Ice Form                 Ice/Tmut       5%         N/A       65%         4
 Manifold Assault         Tloc           3%         N/A       97%         5
 Storm Form               Tmut/Air       1%         N/A       100%        7


Dungeon Overview and Level Annotations

Branches:
Dungeon (4/15)
 Temple: D:4-7

Altars:
Wu Jian

Annotations:
D:4 Pikel


Innate Abilities, Weirdness & Mutations

When hurt, damage is shared between your health and your magic reserves.
You regenerate magic rapidly.


Message History

Your hound bites Pikel.
A red film seems to cover your vision as you go berserk!
You feel yourself moving faster!
You feel mighty!
Your hound closely misses Pikel.
Pikel hits you with a +0 whip of electrocution!
You are electrocuted!!
The lemure closely misses your hound. The lemure hits you.
You sock Pikel!
Pikel is moderately wounded.
Your hound barely misses Pikel.
You sock Pikel!
Pikel is heavily wounded.
Your hound closely misses Pikel.
Pikel completely misses you. The lemure closely misses your hound.
The lemure hits you but does no damage.
You closely miss Pikel.
Pikel is heavily wounded.
Your hound completely misses Pikel.
Pikel hits you but does no damage. The lemure barely misses you.
The lemure hits your hound.
Your hound misses Pikel. The lemure barely misses your hound.
Pikel hits you with a +0 whip of electrocution.
Your hound bites Pikel but does no damage.
You feel a strong urge to attack something.
Your hound barely misses Pikel.
You barely miss Pikel.
Pikel is heavily wounded.
Pikel hits you with a +0 whip of electrocution.
* * * LOW HITPOINT WARNING * * *
You are electrocuted!
* * * LOW HITPOINT WARNING * * *
The lemure hits your hound. The lemure hits your hound!
Your hound dies!
Your hound's corpse disappears in a puff of smoke!
You closely miss Pikel.
Pikel is heavily wounded.
Pikel barely misses you. The lemure closely misses you.
You feel magic leave you.
t - the +4 whip of Siawka (weapon)
{antimagic, rC+ SInv Stlth-} Pikel hits you with a +0 whip of electrocution.
You die...

#.#.# #.# ##.# #
#.#.####.# #.### #
#.#....#.# #...# #
###.####.#)# ###.###
#.)...##.#.# #..#.
#.....##.#.# ##...
#.55.....#)# ###>
#[.K5.####.###### ##
#..5@.# #.......#
#########.......#
.5............#
##################.......#
#........................#
#.###############........#
#.#.......<.....#........#
#.#.#####.#####.#........#
#.#.#...).......#.########


You could see Pikel and 4 lemures.

Vanquished Creatures
  A hound (D:4)
  A dart slug (D:3)
  A ball python (D:3)
  3 bats
  An endoplasm (D:1)
  A giant cockroach (D:1)
  A frilled lizard (D:3)
  2 kobolds (D:1)
11 creatures vanquished.

Vanquished Creatures (collateral kills)
  An orc wizard (D:4)
  3 adders
  A worm (D:3)
  3 orcs (D:4)
  3 ball pythons
  An endoplasm (D:1)
  2 giant cockroaches
  9 goblins
  7 hobgoblins
  3 jackals (D:2)
  6 quokkas
  3 bats
  4 frilled lizards
  3 kobolds
  3 rats
52 creatures vanquished.

Grand Total: 63 creatures vanquished

Notes
Turn   | Place    | Note
-------+----------+-------------------------------------------
     0 | D:1      | croobank the Demonspawn Summoner began the quest for the
                  | Orb.
     0 | D:1      | Reached XP level 1. HP: 13/13 MP: 3/3
   313 | D:1      | Gained mutation: You regenerate magic rapidly. [demonic
                  | ancestry]
   313 | D:1      | Reached XP level 2. HP: 19/19 MP: 3/5
   316 | D:1      | Learned a level 2 spell: Call Imp
   571 | D:1      | Found a faded altar of an unknown god.
   857 | D:1      | Gained mutation: When hurt, damage is shared between your
                  | health and your magic reserves. [demonic ancestry]
   857 | D:1      | Reached XP level 3. HP: 24/24 MP: 1/6
  1505 | D:2      | Learned a level 2 spell: Blink
  2056 | D:3      | Reached XP level 4. HP: 30/30 MP: 5/7
  2063 | D:3      | Learned a level 3 spell: Call Canine Familiar
  2336 | D:3      | Found an ornate altar of the Wu Jian Council.
  2402 | D:3      | Identified the +4 whip of Siawka {antimagic, rC+ SInv
                  | Stlth-}
  2736 | D:4      | Identified a scroll of acquirement
  2736 | D:4      | Acquired the ring of Fun {*Slow rF+++ MP+9 Slay+6 SInv}
  2935 | D:4      | Reached skill level 1 in Ice Magic
  2960 | D:4      | Reached skill level 1 in Fighting
  2960 | D:4      | Reached XP level 5. HP: 30/37 MP: 9/9
  3231 | D:4      | Noticed a lemure
  3233 | D:4      | Noticed a lemure
  3234 | D:4      | Noticed Pikel
  3235 | D:4      | Noticed a lemure
  3236 | D:4      | Noticed a lemure
  3274 | D:4      | Slain by Pikel

Illustrated notes

Levels and vault maps discovered:
D:1:      dpeg_arrival_refuge, layout_basic, basic_ecumenical_altar
D:2:      layout_loops_ring
D:3:      minmay_spotlight, layout_basic, lemuel_round_altar
D:4:      layout_basic, cheibrodos_sewer_entry_bend, chequers_arboretum,
          uniq_pikel

Skill      XL: |  1  2  3  4 |
---------------+-------------+-----
Stealth        | 2 |  2.9
Dodging        | 2 |  2.7
Ice Magic      | 1 |  1.1
Fighting       | 1 |  1.1
Spellcasting   | |  2.7
Summonings     | |  4.5

Action                   |  1- 3 |  4- 6 || total
-------------------------+-------+-------++-------
Melee: Unarmed           |    15 |       ||    15
       Dagger            |    32 |     4 ||    36
       Whip              |       |     5 ||     5
       Flail             |       |     9 ||     9
 Cast: Summon Small Mamm |    40 |    12 ||    52
       Call Imp          |    13 |     5 ||    18
       Blink             |     1 |       ||     1
       Call Canine Famil |       |    13 ||    13
  Use: Potion            |     1 |     1 ||     2
       Scroll            |     1 |     6 ||     7
 Stab: Distracted        |     1 |     1 ||     2
       Sleeping          |     1 |     1 ||     2
Armor: Robe              |    14 |     3 ||    17
Dodge: Dodged            |    36 |    16 ||    52
